 Dungeon Crawl Stone Soup version 0.30-a0-313-gae38170b09 (webtiles) character file.

Game seed: 7346359250762871051

3521 Angani the Slicer (level 9, -12/79 HPs)
             Began as a White Draconian Brigand on Oct 26, 2022.
             Was an Initiate of Gozag.
             Mangled by a boulder beetle (19 damage)
             ... on level 8 of the Dungeon.
             The game lasted 00:13:09 (6600 turns).

Angani the Slicer (White Draconian Brigand)         Turns: 6600, Time: 00:13:10

Health: -12/79     AC:  8    Str: 15    XL:     9   Next: 81%
Magic:  9/9        EV: 14    Int: 13    God:    Gozag
Gold:   469        SH:  0    Dex: 14    Spells: 8/8 levels left

rFire   . . .      SeeInvis .    r - +6 shillelagh "Devastator" {shatter}
rCold   + . .      Faith    .    (no shield)
rNeg    . . .      Spirit   .    (body armour unavailable)
rPois   .          Reflect  .    (helmet restricted)
rElec   .          Harm     .    h - scarf {repulsion}
rCorr   .          Rampage  .    (no gloves)
Will    .....                    m - +0 pair of boots
Stlth   ++........               (no amulet)
HPRegen 0.33/turn                (no ring)
MPRegen 0.11/turn                (no ring)

@: short of breath, repel missiles
A: breathe frost, AC +7, unfitting armour, cold resistance 1, cold-blooded
a: Breathe Frost, Renounce Religion, Potion Petition, Call Merchant, Bribe
Branch


You were on level 8 of the Dungeon.
You worshipped Gozag.
Gozag was aware of your devotion.
You visited 1 branch of the dungeon, and saw 8 of its levels.

You collected 654 gold pieces.
You spent 93 gold pieces at shops.
You paid 92 gold pieces to Gozag.

Inventory:

Hand Weapons
 r - the +6 shillelagh "Devastator" (weapon) {shatter}
   (You found it on level 8 of the Dungeon)

   It releases a powerful concussive burst when it strikes, dealing extra damage
   to the target and all other foes adjacent to them.
 y - the +8 rapier of the Ageing Gods {drain, rPois Str-4 Int-5 Dex+8}
   (You found it on level 5 of the Dungeon)

   A truly terrible weapon, it drains the life of any living foe it strikes.
   Str:       It affects your strength (-4).
   Int:       It affects your intelligence (-5).
   Dex:       It affects your dexterity (+8).
   rPois:     It protects you from poison.
Missiles
 c - 22 poisoned darts (quivered)
 d - 3 curare-tipped darts
 j - 179 stones
 v - 2 silver javelins
Armour
 b - a +0 cloak
 h - a scarf of repulsion (worn)
 m - a +0 pair of boots (worn)
Jewellery
 C - a ring of ice
Wands
 t - a wand of iceblast (3)
 x - a wand of flame (14)
 F - a wand of charming (4)
Scrolls
 a - 2 scrolls of noise
 e - a scroll of amnesia
 g - 2 scrolls of vulnerability
 l - 3 scrolls of butterflies {unknown}
 o - 3 scrolls of teleportation
 p - a scroll of brand weapon {unknown}
 u - a scroll of fear {unknown}
 w - a scroll of blinking {unknown}
 D - 2 scrolls of enchant weapon {unknown}
 E - a scroll of acquirement {unknown}
 I - 3 scrolls of enchant armour {unknown}
Potions
 i - 2 potions of mutation {unknown}
 n - a potion of might {unknown}
 q - 2 potions of resistance {unknown}
 s - 3 potions of ambrosia {unknown}
 z - 2 potions of curing {unknown}
 A - 2 potions of invisibility {unknown}
 B - a potion of heal wounds {unknown}
 G - a potion of berserk rage {unknown}
 H - a potion of flight {unknown}
 J - a potion of haste {unknown}


   Skills:
 - Level 7.1 Fighting
 - Level 11.0 Short Blades
 + Level 1.6 Maces & Flails
 - Level 1.7 Throwing
 - Level 5.6 Dodging
 - Level 3.6 Stealth


You had 8 spell levels left.
You didn't know any spells.
Your spell library contained the following spells:

 Spells                   Type           Power      Damage    Failure   Level
 Summon Small Mammal      Summ           0%         N/A       30%         1
 Call Canine Familiar     Summ           0%         N/A       67%         3
 Gell's Gravitas          Tloc           0%         N/A       67%         3
 Inner Flame              Hex/Fire       0%         N/A       67%         3
 Lesser Beckoning         Tloc           0%         N/A       67%         3
 Ozocubu's Armour         Ice            0%         N/A       67%         3
 Summon Guardian Golem    Hex/Summ       0%         N/A       67%         3
 Teleport Other           Tloc           0%         N/A       67%         3
 Flame Wave               Conj/Fire      0%         2d4       97%         4
 Sticky Flame             Conj/Fire      0%         2d3       97%         4
 Ozocubu's Refrigeration  Ice            0%         4d7       100%        7


Dungeon Overview and Level Annotations

Branches:
Dungeon (8/15)             Temple (0/1) D:7
   Lair: D:8-11

Altars:
Ashenzari
Cheibriados
Dithmenos
Elyvilon
Gozag
Hepliaklqana
Nemelex Xobeh
Xom
Yredelemnul

Shops:
D:4 *

Annotations:
D:4 1 runed translucent door, Tarias's ghost, amateur MfFi


Innate Abilities, Weirdness & Mutations

You can breathe waves of freezing cold which knock back foes.
Your icy white scales are hard. (AC +7)
You cannot fit into any form of body armour.
Your flesh is cold resistant. (rC+)
You are cold-blooded and may be slowed by cold attacks.


Message History

You exhale a wave of freezing cold.
The freezing breath hits the boulder beetle.
The boulder beetle is lightly wounded.
The boulder beetle is blown backwards by the freezing wind.
Throw: throwing net
Press: ? - help, Q - select action, (/) - cycle Shift-Dir - straight line, f/p - boulder beetle
Aim: a boulder beetle (lightly wounded, rolling, 90% to hit)
You throw a throwing net.
The throwing net hits the boulder beetle.
The boulder beetle is caught in the net!
The boulder beetle is lightly wounded.
The boulder beetle struggles against the net.
The boulder beetle struggles against the net. x2
You hit the boulder beetle but do no damage.
The boulder beetle is lightly wounded.
The boulder beetle struggles against the net. x3
The net rips apart, and the boulder beetle comes free!
You hit the boulder beetle.
The boulder beetle shudders.
The boulder beetle is lightly wounded. x2
The boulder beetle hits you!!
The boulder beetle stops rolling and uncurls.
You sock the boulder beetle!
The boulder beetle shudders.
The boulder beetle is moderately wounded. x2
The boulder beetle bites you! x2
You are too injured to fight recklessly!
You are too injured to fight recklessly!
You hit the boulder beetle but do no damage.
You punch the boulder beetle, but do no damage.
The boulder beetle is moderately wounded.
The boulder beetle bites you.
* * * LOW HITPOINT WARNING * * *
You hit the boulder beetle but do no damage.
The boulder beetle is moderately wounded.
The boulder beetle bites you!
* * * LOW HITPOINT WARNING * * *
You hit the boulder beetle but do no damage.
The boulder beetle is moderately wounded.
The boulder beetle bites you!!
You die...
Your body crumbles into a pile of gold.

#...........##...........##'##
####...........############......
...............# .....# #......
...............# .....# #......
.....#....####.###.....# #......
.....#....# #.........# #......
.....#....# #.........# ##.....
.....#....# #....$...## #.....
..#### ..... #.$@.....# #.....
..# .... #.$B.....# ..##
#........# ..''.. ..........#
..##.. ..#........# ..# .
....#...^....# ..# ... #........#
.... .. #........# ..#..


You could see a boulder beetle.

Vanquished Creatures
  A two-headed ogre (D:8)
  A gargoyle (D:8)
  3 water moccasins
  An orc warrior (D:6)
  An ice beast (D:5)
  A sky beast (D:7)
  2 ogres (D:5)
  A phantom (D:4)
  2 kobold brigands
  4 bullfrogs
  2 necrophages
  2 scorpions
  5 killer bees (D:7)
  4 howler monkeys
  4 orc priests
  A hound (D:5)
  A jelly (D:7)
  6 orc wizards
  6 iguanas
  Robin (D:2)
  8 gnolls (D:3)
  6 adders
  2 white imps (D:7)
  An ufetubus (D:4)
  7 worms
  3 dart slugs
  31 orcs
  7 ball pythons
  6 endoplasms
  7 giant cockroaches
  12 goblins
  12 hobgoblins
  3 jackals (D:4)
  16 kobolds
  2 quokkas
  3 bats
  7 frilled lizards
  9 rats
191 creatures vanquished.

Notes
Turn   | Place    | Note
-------+----------+-------------------------------------------
     0 | D:1      | Angani the Draconian Brigand began the quest for the Orb.
     0 | D:1      | Reached XP level 1. HP: 17/17 MP: 1/1
   145 | D:1      | Reached XP level 2. HP: 24/24 MP: 2/2
   158 | D:1      | You fall into a shaft and drop 1 floor!
   209 | D:2      | Reached skill level 3 in Short Blades
   429 | D:1      | Reached XP level 3. HP: 26/29 MP: 3/3
  1012 | D:2      | Reached skill level 4 in Short Blades
  1322 | D:2      | Noticed Robin
  1332 | D:2      | Reached XP level 4. HP: 36/36 MP: 4/4
  1352 | D:2      | Killed Robin
  1686 | D:3      | Reached skill level 5 in Short Blades
  1804 | D:3      | Reached XP level 5. HP: 26/41 MP: 5/5
  2417 | D:4      | Noticed a phantom
  2440 | D:4      | Killed a phantom
  2441 | D:4      | Reached skill level 6 in Short Blades
  2441 | D:4      | Reached XP level 6. HP: 42/48 MP: 6/6
  2508 | D:4      | Reached skill level 7 in Short Blades
  2623 | D:4      | Found Cannueph's Gadget Gallery.
  2646 | D:4      | Bought a wand of iceblast (3) for 93 gold pieces
  2730 | D:4      | Found a runed translucent door.
  2733 | D:4      | Noticed Tarias's ghost (amateur MfFi)
  2832 | D:4      | Found a white marble altar of Elyvilon.
  3227 | D:5      | Entered Level 5 of the Dungeon
  3300 | D:4      | Your scales start taking on an icy white colour.
  3300 | D:4      | Reached XP level 7. HP: 29/54 MP: 7/7
  3300 | D:4      | Gained mutation: Your flesh is cold resistant. (rC+) [White
                  | Draconian growth]
  3399 | D:4      | Reached skill level 8 in Short Blades
  3746 | D:5      | Reached skill level 9 in Short Blades
  3921 | D:5      | Found a shimmering altar of Xom.
  4016 | D:5      | Identified the +8 rapier of the Ageing Gods {drain, rPois
                  | Str-4 Int-5 Dex+8}
  4062 | D:5      | Found a basalt altar of Yredelemnul.
  4068 | D:5      | Found a sparkling altar of Nemelex Xobeh.
  4071 | D:5      | Found a hazy altar of Hepliaklqana.
  4074 | D:5      | Found a broken altar of Ashenzari.
  4092 | D:5      | Reached XP level 8. HP: 61/61 MP: 8/8
  4369 | D:6      | Reached skill level 10 in Short Blades
  4502 | D:6      | Found a snail-covered altar of Cheibriados.
  4804 | D:6      | Reached skill level 11 in Short Blades
  4932 | D:6      | Reached skill level 1 in Dodging
  5058 | D:6      | Found an opulent altar of Gozag.
  5058 | D:6      | Found a shadowy altar of Dithmenos.
  5063 | D:6      | Became a worshipper of Gozag Ym Sagoz the Greedy
  5387 | D:7      | Reached XP level 9. HP: 71/71 MP: 9/9
  5474 | D:7      | Found a staircase to the Ecumenical Temple.
  5497 | D:7      | Reached skill level 5 in Fighting
  5908 | D:8      | Noticed a gargoyle
  5929 | D:8      | Found the +6 shillelagh "Devastator" {shatter}
  5931 | D:8      | Noticed a two-headed ogre
  5942 | D:8      | Killed a gargoyle
  5947 | D:8      | Killed a two-headed ogre
  5948 | D:8      | Reached skill level 5 in Dodging
  6352 | D:8      | Reached skill level 1 in Maces & Flails
  6588 | D:8      | Noticed a boulder beetle
  6600 | D:8      | Mangled by a boulder beetle

Illustrated notes

Levels and vault maps discovered:
D:1:      doesnt_arrival_eight_statues, layout_basic, hangedman_decor_growths
D:2:      minmay_evil_eye, layout_basic, uniq_robin
D:3:      layout_rooms
D:4:      layout_gridville, mainiacjoe_overflow_tiny_flanked,
          ebering_ghost_reflecting_pool, nicolae_shop_gadgets
D:5:      layout_loops_ring, grunt_temple_overflow_cloverleaf,
          mainiacjoe_overflow_alcove_2, minivault_1,
          eino_small_chamber_without_monster
D:6:      layout_basic, slow_altar_2, nicolae_overflow_two_pavilions
D:7:      layout_loops_ring, minmay_temple_entry_large_hall
D:8:      layout_basic, lair_entry_dummy, dilly_guarded_unrand_devastator,
          uniq_joseph

Skill      XL: |  1  2  3  4  5  6  7  8  9 |
---------------+----------------------------+-----
Short Blades   | 3 4 5 6 7 9 11 | 11.0
Dodging        | 2 5 |  5.6
Fighting       | 4 7 |  7.1
Maces & Flails | 1 |  1.6
Throwing       | |  1.7
Stealth        | |  3.6

Action                   |  1- 3 |  4- 6 |  7- 9 || total
-------------------------+-------+-------+-------++-------
Melee: Dagger            |    65 |       |       ||    65
       Tailslap          |    13 |    32 |    29 ||    74
       Punch             |     1 |     1 |     2 ||     4
       Short sword       |    61 |   236 |    73 ||   370
       Rapier            |       |       |   143 ||   143
       Shillelagh        |       |       |    23 ||    23
Throw: Dart              |     3 |     4 |       ||     7
       Throwing net      |       |     1 |     1 ||     2
 Abil: Breathe Frost     |       |       |     3 ||     3
  Use: Scroll            |       |       |     6 ||     6
 Stab: Sleeping          |     6 |     7 |     8 ||    21
       Distracted        |     1 |       |     2 ||     3
       Paralysed         |       |       |     1 ||     1
Armor: Skin              |    40 |    63 |    65 ||   168
Dodge: Dodged            |    49 |    94 |    93 ||   236
       Repelled          |       |       |     1 ||     1

Table legend: (Time is in decaauts)
 A = Elapsed time spent in this place.
 B = Non-inter-level travel time spent in this place.
 C = Inter-level travel time spent in this place.
 D = Time resting spent in this place.
 E = Time spent auto-exploring this place.
 F = Levels seen in this place.
 G = Mean time per level.
                   A        B        C        D        E       F      G
               +--------+--------+--------+--------+--------+-----+--------+
         Total |   6435 |   6166 |    269 |    765 |   4172 |   8 |  804.4 |
       Dungeon |   6435 |   6166 |    269 |    765 |   4172 |   8 |  804.4 |
               +--------+--------+--------+--------+--------+-----+--------+

Top non-repeatable levels by time:
     D:4: 1093 daAuts
     D:1: 857 daAuts
     D:5: 840 daAuts
     D:8: 793 daAuts
     D:3: 758 daAuts
     D:2: 712 daAuts
     D:7: 707 daAuts
     D:6: 673 daAuts
